 Dungeon Crawl Stone Soup version 0.28.0 (webtiles) character file.

Game seed: 4835976445401734182

8 HallandMoats the Skirmisher (level 2, 27/27 HPs)
             Began as a Minotaur Monk on Feb 6, 2022.
             Was a Follower of Uskayaw.
             Got out of the dungeon alive.
             The game lasted 00:00:34 (525 turns).

HallandMoats the Skirmisher (Minotaur Monk)          Turns: 525, Time: 00:00:35

Health: 27/27      AC:  2    Str: 15    XL:     2   Next: 0%
Magic:  1/1        EV: 13    Int:  7    God:    Uskayaw [*.....]
Gold:   11         SH:  0    Dex: 12    Spells: 1/1 levels left

rFire   . . .      SeeInvis .   a - +0 hand axe
rCold   . . .      Faith    .   (no shield)
rNeg    . . .      Spirit   .   b - +0 robe
rPois   .          Reflect  .   (helmet restricted)
rElec   .          Harm     .   (no cloak)
rCorr   .          Rampage  .   (no gloves)
Will    .....                   (no boots)
Stlth   ++........              (no amulet)
HPRegen 0.09/turn               (no ring)
MPRegen 0.07/turn               (no ring)

@: no status effects
A: horns 2, retaliatory headbutt
a: Renounce Religion, Stomp


You escaped.
You worshipped Uskayaw.
Uskayaw was noncommittal.
You visited 1 branch of the dungeon, and saw 1 of its levels.

You collected 11 gold pieces.

Inventory:

Hand Weapons
 a - a +0 hand axe (weapon)
Armour
 b - a +0 robe (worn)
 c - a +0 ring mail


   Skills:
 + Level 3.8 Fighting
 + Level 3.8 Axes
 + Level 0.8 Armour
 + Level 3.4 Dodging
 - Level 1.5 Stealth


You had one spell level left.
You didn't know any spells.
Your spell library contained the following spells:

 Spells                   Type           Power      Damage    Failure   Level
 Tukima's Dance           Hex            0%         N/A       80%         3
 Anguish                  Hex/Necr       0%         N/A       99%         4
 Enfeeble                 Hex            0%         N/A       100%        7


Dungeon Overview and Level Annotations

Branches:
Dungeon (1/15)

Altars:
Uskayaw


Innate Abilities, Weirdness & Mutations

You have a pair of horns on your head.
You reflexively headbutt those who attack you in melee.


Message History

You hit the goblin. Your headbutt misses the goblin.
The goblin is severely wounded.
The goblin barely misses you.
You closely miss the goblin. Your headbutt misses the goblin.
The goblin is severely wounded.
The goblin hits you with a +0 dagger.
You hit the goblin.
You kill the goblin!
You have reached level 2!
You open the door.
There is an open door here.
Found a stone staircase leading down.
There is a stone staircase leading down here.
You open the door.
There is an open door here.
There is an open door here.
Found 11 sling bullets.
Found a faded altar of an unknown god.
Found a ring mail.
You open the door.
There is an open door here.
You open the door.
There is an open door here.
An endoplasm comes into view.
There is an open door here.
There is a faded altar of an unknown god here.
You cannot tell which god this altar belongs to.
Convert to them anyway?
Uskayaw accepts your prayer! Uskayaw welcomes you!
You can now stomp with the beat.
You can now pass through a line of other dancers.
You can no longer pass through a line of other dancers.
You see here a +0 ring mail.
c - a +0 ring mail
(D) Dungeon
Where to? (? - help)
What level of the Dungeon? (default 1, ? - help)
There is a staircase leading out of the dungeon here.
Are you sure you want to leave the Dungeon?
This will make you lose the game!
You have escaped!

#.# #(........ ..#
#......... †.##########
#############.#.....
....)........
...................
..##########..
#..##..####....... ..#
..##..##..#.......#'#
..# #..
#..###.......#.. ..#
###..##..###.......#..
..# #..
#@.##..#....#.##.. ..#
#..##..##..######.#...
..############..##..###
#.....
............##..##..#
##....
..)....####...##..##..
#.... .......#
##..##..# ..# ##...
.......# #####.## ##
#... .......# #†.......
##.. .......# #........


There were no monsters in sight!

Vanquished Creatures
  A dart slug (D:1)
  A goblin (D:1)
  A hobgoblin (D:1)
  A quokka (D:1)
  A bat (D:1)
  A kobold (D:1)
6 creatures vanquished.

Notes
Turn   | Place    | Note
-------+----------+-------------------------------------------
     0 | D:1      | HallandMoats the Minotaur Monk began the quest for the Orb.
     0 | D:1      | Reached XP level 1. HP: 19/19 MP: 0/0
   327 | D:1      | Reached XP level 2. HP: 22/27 MP: 1/1
   467 | D:1      | Found a faded altar of an unknown god.
   499 | D:1      | Prayed at the altar of an unknown god.
   499 | D:1      | Became a worshipper of Uskayaw the Reveller
   499 | D:1      | Reached * piety under Uskayaw
   499 | D:1      | Reached ** piety under Uskayaw
   525 | D:$      | Got out of the dungeon alive.

Illustrated notes

Levels and vault maps discovered:
D:1:      lightli_iron_boxes, layout_basic, ebering_ecumenical_altar_box

Action                   || total
-------------------------++-------
Melee: Hand axe          ||    15
       Headbutt          ||     5
 Stab: Sleeping          ||     1
Dodge: Dodged            ||    10
